AoeStats
← siyah1903beyaz80

Arena

510613450Analyzed
4v4 RM · 2d ago on Oct 1, 2026· 65m 26s· 8 players
Game mode
Random Map
Map size
Large (8 player)
Population
200
Speed
Normal
Resources
Standard
Victory
Conquest
Starting age
Dark Age
Ending age
Imperial Age
RankedLock teamsTeams togetherTeam positionsShared explorationLock speedFull tech treeHidden civsTurbo modeCheats
Victory
Defeat
🇵🇹 Chinese · Portugal
1054
+16
🇦🇲 Mongols · Armenia
1021
+17
🇹🇷 Celts · Türkiye
1019
+17
🇹🇷 Cumans · Türkiye
988
+18
🇧🇪 Byzantines · Belgium
1095
-20
🇬🇧 Saracens · United Kingdom
1072
-18
🇨🇭 Slavs · Switzerland
1067
-18
🇨🇴 Saxons · Colombia
927
-12
g.mag
10:20 Feudal Age
14:17 Castle Age
13:24 Double-Bit Axe
13:41 Horse Collar
15:09 Bow Saw
15:04 Heavy Plow
25:30 Loom
26:23 Wheelbarrow
25:34 Town Watch
30:55 Imperial Age
29:45 Hand Cart
29:31 Town Patrol
29:25 Gold Mining
29:25 Stone Mining
30:52 Thumb Ring
31:38 Ballistics
31:14 Murder Holes
32:03 Bloodlines
31:54 Husbandry
32:38 Nomads
32:42 Fletching
32:53 Padded Archer Armor
32:22 Pikeman
33:03 Squires
32:58 Elite Mangudai
33:45 Bodkin Arrow
34:44 Drill
35:35 Bracer
35:50 Leather Archer Armor
35:59 Onager
37:53 Chemistry
37:01 Siege Engineers
37:07 Masonry
38:07 Siege Onager
45:47 Light Cavalry
57:30 Caravan
59:13 Scale Barding Armor
59:18 Forging
61:15 Hussar
63:17 Iron Casting
65:20 Blast Furnace
64:41 Chain Barding Armor
65:23 Scale Mail Armor
Zé Gui
0:28 Loom
10:13 Feudal Age
11:02 Horse Collar
11:09 Double-Bit Axe
11:16 Gold Mining
13:51 Fletching
22:07 Castle Age
20:48 Stone Mining
22:33 Scale Mail Armor
23:30 Bodkin Arrow
23:36 Padded Archer Armor
26:15 Leather Archer Armor
30:09 Masonry
31:03 Ballistics
33:27 Gold Shaft Mining
33:30 Stone Shaft Mining
33:37 Fortified Wall
36:02 Imperial Age
38:36 Architecture
39:07 Chemistry
48:25 Ring Archer Armor
49:04 Elite Skirmisher
52:52 Thumb Ring
53:22 Bracer
59:51 Heavy Rocket Cart
Furkan
10:42 Feudal Age
16:16 Castle Age
14:28 Double-Bit Axe
16:46 Capped Ram
26:30 Gold Mining
27:35 Horse Collar
30:11 Gold Shaft Mining
30:43 Stone Mining
32:21 Wheelbarrow
31:32 Loom
33:13 Heavy Plow
36:25 Imperial Age
35:15 Hand Cart
34:47 Loom
34:48 Town Watch
35:15 Scale Barding Armor
36:27 Cavalier
37:19 Town Patrol
38:05 Bow Saw
38:27 Crop Rotation
38:01 Scale Mail Armor
38:11 Forging
38:52 Paladin
42:25 Chain Barding Armor
42:41 Iron Casting
46:54 Plate Barding Armor
46:20 Scale Mail Armor
47:20 Blast Furnace
47:31 Caravan
48:01 Coinage
47:42 Guilds
48:55 Caravan
53:01 Banking
siyah1903beyaz80
10:20 Feudal Age
10:50 Double-Bit Axe
12:47 Man-at-Arms
13:42 Scale Mail Armor
13:29 Arson
14:57 Forging
28:26 Castle Age
26:20 Gold Mining
27:52 Fletching
27:52 Horse Collar
29:28 Bow Saw
30:51 Bodkin Arrow
31:58 Gold Shaft Mining
32:38 Wheelbarrow
32:21 Heavy Plow
34:32 Hand Cart
35:21 Stone Mining
36:30 Long Swordsman
37:03 Gambesons
38:35 Stone Shaft Mining
41:37 Imperial Age
39:09 Heated Shot
39:00 Pikeman
42:08 Iron Casting
41:49 Chain Mail Armor
42:55 Two-Handed Swordsman
42:58 Halberdier
43:03 Heavy Scorpion
44:13 Ballistics
44:56 Chemistry
49:06 Champion
56:02 Blast Furnace
55:32 Plate Mail Armor
robertcristiann
12:14 Feudal Age
16:05 Castle Age
13:59 Double-Bit Axe
15:57 Wheelbarrow
15:17 Horse Collar
18:32 Fervor
26:27 Forging
26:26 Gold Mining
26:27 Stone Mining
27:49 Hand Cart
28:42 Iron Casting
28:14 Scale Barding Armor
29:02 Gold Shaft Mining
28:58 Heavy Plow
30:50 Chain Barding Armor
32:23 Bow Saw
32:25 Loom
35:11 Imperial Age
37:56 Imperial Age
37:09 Bloodlines
36:20 Light Cavalry
38:33 Elite Mameluke
39:34 Conscription
40:19 Blast Furnace
38:45 Hussar
41:06 Plate Barding Armor
51:54 Ballistics
52:43 Two-Man Saw
54:13 Fortified Wall
55:04 Chemistry
54:00 Murder Holes
62:58 Fletching
63:53 Bodkin Arrow
Lord Frank
10:23 Feudal Age
14:29 Castle Age
12:42 Double-Bit Axe
13:32 Horse Collar
21:48 Loom
26:33 Gold Mining
27:52 Town Watch
28:43 Wheelbarrow
39:39 Imperial Age
38:38 Scale Mail Armor
38:50 Forging
39:06 Bow Saw
40:10 Chain Mail Armor
40:11 Pikeman
43:25 Iron Casting
42:50 Capped Ram
43:42 Squires
44:05 Halberdier
45:28 Siege Ram
SicariusFeroxis
7:46 Loom
9:31 Feudal Age
11:27 Double-Bit Axe
11:22 Horse Collar
12:45 Man-at-Arms
14:17 Fletching
18:55 Wheelbarrow
21:59 Castle Age
23:28 Bow Saw
23:51 Bodkin Arrow
29:32 Gold Mining
33:25 Imperial Age
32:33 Hand Cart
34:40 Conscription
34:38 Elite Skirmisher
35:55 Bracer
35:56 Padded Archer Armor
36:56 Conscription
36:25 Capped Ram
37:38 Thumb Ring
38:43 Siege Ram
41:04 Chemistry
43:02 Scale Barding Armor
50:01 Scale Mail Armor
50:11 Forging
51:54 Ballistics
55:17 Fortified Wall
56:41 Two-Man Saw
Barbaricci
10:23 Feudal Age
15:41 Castle Age
13:42 Double-Bit Axe
13:49 Horse Collar
15:51 Gold Mining
16:28 Heavy Plow
16:42 Bow Saw
17:21 Loom
20:53 Redemption
25:57 Fletching
26:08 Padded Archer Armor
27:58 Wheelbarrow
27:24 Bodkin Arrow
28:21 Husbandry
28:32 Bloodlines
30:27 Hand Cart
32:46 Imperial Age
30:33 Hand Cart
30:13 Stone Mining
31:39 Leather Archer Armor
31:53 Sanctity
31:51 Clerical Recruitment
33:17 Gold Shaft Mining
33:00 Arson
33:15 Squires
33:53 Bracer
34:28 Ring Archer Armor
35:15 Block Printing
36:15 Cranequins
38:04 Pikeman
38:21 Shield Wall
39:23 Conscription
39:22 Scale Mail Armor
39:32 Forging
40:05 Halberdier
Connection lost

Rejoining the realm…

Still unreachable

The connection could not be restored.

Session expired

The server has moved on; the page needs a fresh start.